 Dungeon Crawl Stone Soup version 0.30-a0-777-ga9a30cbeda (webtiles) character file.

Game seed: 7712114819633655985

72 browni3141 the Grave Robber (level 4, -1/28 HPs)
             Began as an Octopode Necromancer on Feb 15, 2023.
             Killed from afar by an orc wizard (10 damage)
             ... with a puff of flame
             ... on level 4 of the Dungeon.
             The game lasted 00:06:50 (2257 turns).

browni3141 the Grave Robber (Octopode Necromancer)  Turns: 2257, Time: 00:06:50

Health: -1/28      AC:  1    Str: 13    XL:     4   Next: 26%
Magic:  5/7        EV: 13    Int: 19    God:
Gold:   129        SH:  0    Dex: 12    Spells: 3/7 levels left

rFire   . . .      SeeInvis .    b - +0 short sword
rCold   . . .      Faith    .    (no shield)
rNeg    . . .      Spirit   .    (helmet restricted)
rPois   .          Reflect  .    (no amulet)
rElec   .          Harm     .    i - +6 ring of strength
rCorr   +          Rampage  .    j - ring of resist corrosion
Will    .....                    (no ring)
Stlth   ++                       (no ring)
HPRegen 0.24/turn                (no ring)
MPRegen 0.10/turn                (no ring)
                                 (no ring)
                                 (no ring)

@: confused
A: almost no armour, amphibious, 8 rings, camouflage 1, gelatinous body 1,
(nimble swimmer 1), tentacles
a: no special abilities


You were on level 4 of the Dungeon.
You visited 1 branch of the dungeon, and saw 4 of its levels.

You collected 129 gold pieces.

Inventory:

Hand Weapons
 b - a +0 short sword (weapon)
Jewellery
 i - a +6 ring of strength (left tentacle)
 j - a ring of resist corrosion (right tentacle)
Wands
 h - a wand of light (10)
Scrolls
 c - a scroll of magic mapping
 d - a scroll of enchant armour {unknown}
 e - a scroll of torment
 f - a scroll of fog {unknown}
 g - a scroll of poison {unknown}
Potions
 a - a potion of magic


   Skills:
 - Level 1.0 Fighting
 - Level 2.0 Dodging
 - Level 2.6 Stealth
 * Level 2.4 Spellcasting
 * Level 5.2 Necromancy
 * Level 0.5 Evocations


You had 3 spell levels left.
You knew the following spells:

 Your Spells              Type           Power      Damage    Failure   Level
a - Necrotise             Necr           88%        1d8       1%          1
b - Vampiric Draining     Necr           22%        2d7       6%          3

Your spell library contained the following spells:

 Spells                   Type           Power      Damage    Failure   Level
 Animate Dead             Necr           22%        N/A       19%         4
 Agony                    Necr           22%        N/A       47%         5


Dungeon Overview and Level Annotations

Branches:
Dungeon (4/15)
 Temple: D:4-7

Altars:
Yredelemnul

Shops:
D:3 =:[

Annotations:
D:3 exclusions: adder, ogre, orc and orc wizard


Innate Abilities, Weirdness & Mutations

You cannot wear most types of armour.
You are amphibious.
You can wear up to eight rings at the same time.
Your skin changes colour to match your surroundings (Stealth+).
Your rubbery body absorbs attacks. (AC +1, EV +1)
((You are camouflaged when in or above water. (Stealth+)))
You have tentacles for arms and can constrict up to eight enemies at once.


Message History

The puff of flame misses you.
The orc wizard writhes in agony.
The orc wizard points at you and mumbles some strange words.
The magic dart hits you!
The orc wizard mumbles some strange words.
The orc wizard flickers and vanishes!
Deactivating autopickup; reactivate with Ctrl-A.
An orc comes into view. It is wielding a +0 hand axe.
You are too injured to fight recklessly!
You are confused.
You're too confused to move!
A puff of flame appears from out of thin air!
The puff of flame misses you.
You bump into the rock wall.
The orc wizard casts a spell at you.
You feel less confused.
The orc writhes in agony.
You kill the orc!
The dead are walking!
The orc wizard gestures at you while chanting.
You are confused.
A puff of flame appears from out of thin air!
The puff of flame hits you!
* * * LOW HITPOINT WARNING * * *
You're too confused to move!
You are more confused.
Your orc skeleton hits the orc wizard but does no damage.
Unknown command.
You're too confused to move!
The orc hits your orc skeleton with a +0 hand axe.
The orc hits your orc skeleton with a +0 hand axe.
Your orc skeleton misses something.
You're too confused to move!
The orc hits your orc skeleton with a +0 hand axe!
Your orc skeleton is destroyed!
The orc barely misses you.
You bump into the rock wall.
The orc wizard casts a spell at you. The puff of flame hits you!
You die...

######## #......#
#......# #......#
>.... #......#
..... #......#
.... #....<.#
...######....o@#
#............o#
#.............#
#.............#
###........o....#
#..........######
#..........#
#..........#
#......)...#


You could see an orc wizard and 2 orcs.

Vanquished Creatures
  An adder (D:4)
  A dart slug (D:1)
  2 orcs
  4 bats
  4 endoplasms
  3 giant cockroaches
  2 goblins
  5 hobgoblins
  2 jackals (D:1)
  4 quokkas
  6 ball pythons
  7 frilled lizards
  5 kobolds
  5 rats
51 creatures vanquished.

Vanquished Creatures (collateral kills)
  A dart slug (D:2)
  A hobgoblin (D:1)
  A kobold (D:2)
3 creatures vanquished.

Grand Total: 54 creatures vanquished

Notes
Turn   | Place    | Note
-------+----------+-------------------------------------------
     0 | D:1      | browni3141 the Octopode Necromancer began the quest for the
                  | Orb.
     0 | D:1      | Reached XP level 1. HP: 11/11 MP: 3/3
   140 | D:1      | Reached skill level 1 in Fighting
   221 | D:1      | Reached XP level 2. HP: 18/18 MP: 1/5
   694 | D:1      | Reached XP level 3. HP: 23/23 MP: 6/6
  1018 | D:2      | Found a basalt altar of Yredelemnul.
  1042 | D:2      | Reached skill level 5 in Necromancy
  1046 | D:2      | Learned a level 3 spell: Vampiric Draining
  1442 | D:3      | Found Mavisofe's Jewellery Shoppe.
  1550 | D:3      | Found Dailat's Armour Shoppe.
  1554 | D:3      | Found Curoq's Book Emporium.
  1612 | D:3      | Reached XP level 4. HP: 28/28 MP: 5/7
  1640 | D:3      | Noticed an ogre
  2257 | D:4      | Killed from afar by an orc wizard

Illustrated notes

Levels and vault maps discovered:
D:1:      beargit_arrival_greenhouse, layout_basic
D:2:      layout_rooms, basic_altar
D:3:      layout_loops_ring, serial_shops, shop_fountains, shop, shop,
          grunt_ministairs_9, ebering_dispersal_statue_hall
D:4:      layout_gridville, serial_shops, kennysheep_mini_moat,
          chequers_mini_garden, uniq_sigmund, uniq_edmund

Skill      XL: |  1  2  3 |
---------------+----------+-----
Fighting       | 1 |  1.0
Necromancy     | 5 |  5.2
Dodging        | |  2.0
Stealth        | |  2.6
Spellcasting   | |  2.4
Evocations     | |  0.5

Action                     |  1- 3 |  4- 6 || total
---------------------------+-------+-------++-------
  Melee: Unarmed           |     9 |       ||     9
         Short sword       |    16 |     4 ||    20
         Constrict         |     9 |       ||     9
         Tentacles         |     5 |       ||     5
         Punch             |     1 |       ||     1
   Cast: Necrotise         |    52 |    10 ||    62
    Use: Scroll            |     2 |       ||     2
   Stab: Sleeping          |     2 |       ||     2
 Armour: Skin              |     5 |       ||     5
  Dodge: Dodged            |    15 |     4 ||    19

Table legend: (Time is in decaauts)
 A = Elapsed time spent in this place.
 B = Non-inter-level travel time spent in this place.
 C = Inter-level travel time spent in this place.
 D = Time resting spent in this place.
 E = Time spent auto-exploring this place.
 F = Levels seen in this place.
 G = Mean time per level.
                   A        B        C        D        E       F      G
               +--------+--------+--------+--------+--------+-----+--------+
         Total |   2254 |   2219 |     35 |      0 |   1749 |   4 |  563.5 |
       Dungeon |   2254 |   2219 |     35 |      0 |   1749 |   4 |  563.5 |
               +--------+--------+--------+--------+--------+-----+--------+

Top non-repeatable levels by time:
     D:1: 929 daAuts
     D:3: 748 daAuts
     D:2: 510 daAuts
     D:4: 66 daAuts
